Map: Hard Lead LE

Players

demzi

  • Race: Zerg Zerg
  • League: Platinum
  • Spawn Location: 5:00

IAmTheBoSS - Winner!

  • Race: Terran Terran
  • League: Master
  • Spawn Location: 11:00

VOD

Have the link to the VOD?

Description

Time

  • Played on: March 24, 2024, 9:23 a.m.
  • Length: 14:03
Show
View Real Time Build Order
Export as new Build Order

demzi Zerg 

Build Orders: Hatch First, Roach Hydra 

Get SALT Encoding   

  12  0:00  Drone  
  13  0:12  Overlord  
  13  0:16  Drone  
  14  0:31  Drone x2  
  16  0:49  Hatchery  
  15  0:51  Drone  
  15  0:55  Drone  
  17  1:00  Drone  
  18  1:06  Extractor  
  17  1:15  Spawning Pool  
  16  1:18  Drone  
  16  1:22  Drone  
  18  1:28  Drone  
  19  1:39  Drone  
  20  1:50  Overlord  
  20  2:02  Queen x2  
  20  2:03  Zergling x4  
  26  2:11  Drone  
  26  2:12  Drone  
  28  2:40  Hatchery  
  26  2:49  Queen  
  26  2:50  Queen  
  30  2:52  Zergling x2  
  30  2:53  Zergling x2  
  30  2:55  Drone  
  33  3:00  Overlord  
  33  3:06  Metabolic Boost  
  33  3:11  Drone  
  33  3:12  Drone  
  35  3:18  Drone x2  
  37  3:20  Drone  
  37  3:22  Drone  
  39  3:40  Drone x5  
  44  3:42  Overlord  
  44  3:55  Drone  
  45  3:57  Lair  
  45  4:00  Roach Warren  
  45  4:02  Evolution Chamber  
  43  4:03  Drone  
  43  4:05  Drone, Evolution Chamber  
  43  4:07  Drone  
  43  4:09  Drone  
  46  4:16  Queen  
  48  4:25  Drone x5  
  53  4:36  Zerg Missile Weapons Level 1, Zerg Ground Armor Level 1  
  51  4:39  Drone  
  51  4:40  Drone x4  
  55  4:46  Roach  
  55  4:47  Overlord  
  55  4:48  Overlord  
  57  5:04  Glial Reconstitution  
  57  5:05  Overlord x2  
  57  5:07  Zergling x8  
  58  5:12  Zergling x4  
  58  5:13  Zergling x6  
  66  5:18  Overlord  
  66  5:19  Overlord x3  
  66  5:34  Overlord  
  66  5:37  Drone, Extractor  
  66  5:38  Drone x4  
  66  5:39  Drone x3, Extractor  
  73  5:42  Drone  
  73  5:43  Drone x3  
  73  5:49  Roach x3  
  82  5:56  Overlord  
  82  5:57  Drone  
  82  5:58  Extractor, Drone  
  83  6:10  Extractor, Drone x3  
  83  6:11  Drone x3  
  88  6:12  Drone x3, Extractor  
  90  6:23  Roach x2  
  90  6:24  Roach  
  93  6:28  Hatchery  
  93  6:31  Roach x2  
  93  6:36  Roach  
  93  6:37  Roach x8  
  107  6:58  Drone  
  107  6:59  Drone  
  107  7:00  Roach  
  107  7:01  Roach x4  
  119  7:10  Drone x2  
  119  7:11  Hydralisk Den  
  120  7:21  Roach x4  
  128  7:23  Overlord x5  
  128  7:24  Overlord  
  128  7:28  Zerg Missile Weapons Level 2  
  128  7:31  Baneling Nest  
  128  7:33  Zerg Ground Armor Level 2  
  127  7:41  Drone x5  
  132  7:47  Hydralisk  
  132  7:48  Hydralisk x4  
  143  7:51  Zergling x2  
  143  7:52  Zergling x8  
  143  7:53  Zergling x4  
  143  7:55  Ravager  
  150  7:58  Ravager  
  151  8:18  Hydralisk, Overlord x4  
  151  8:19  Hydralisk x5  
  159  8:20  Hydralisk  
  165  8:27  Muscular Augments  
  165  8:31  Overlord x3  
  166  8:48  Drone x3  
  166  8:49  Drone x4  
  166  8:51  Extractor  
  166  8:52  Drone x3  
  166  8:53  Drone x2  
  166  8:54  Drone, Extractor  
  166  8:55  Drone x2, Hydralisk  
  178  8:56  Hydralisk x2  
  178  8:57  Hydralisk  
  186  9:19  Hydralisk  
  186  9:20  Hydralisk x5  
  198  9:31  Grooved Spines  
  161  9:54  Hydralisk x9  
  161  9:55  Hydralisk x10  
  154  10:05  Zergling x2  
  154  10:06  Zergling x16  
  148  10:14  Zerg Melee Weapons Level 1  
  146  10:19  Roach x4  
  150  10:30  Zergling x2  
  150  10:31  Zergling x16  
  140  10:50  Roach  
  140  10:51  Roach x10  
  143  11:16  Roach x6  
  143  11:17  Roach x6  
  139  11:32  Zergling x6  
  140  11:33  Zergling x10  
  143  11:45  Hydralisk  
  143  11:46  Hydralisk x15  
  142  12:12  Roach  
  142  12:13  Roach x10  
  147  12:30  Zergling x2  
  147  12:31  Zergling x18  
  131  12:48  Roach x8  
  131  12:49  Roach x8  
  125  13:06  Roach x6  
  125  13:16  Zergling x2  
  125  13:17  Zergling x24  
  111  13:29  Roach x4  
  104  13:36  Roach  
  104  13:37  Roach x2  
Show
View Real Time Build Order
Export as new Build Order

IAmTheBoSS Terran - Winner!

Build Orders: Reaper Expand 

Get SALT Encoding   

  12  0:00  SCV  
  13  0:16  Supply Depot  
  13  0:17  SCV  
  14  0:29  SCV  
  15  0:40  Barracks  
  15  0:42  SCV  
  16  0:45  Refinery  
  16  0:54  SCV  
  17  1:06  SCV  
  18  1:18  SCV  
  19  1:29  Reaper  
  19  1:30  Orbital Command  
  20  1:42  Command Center  
  20  1:57  SCV, Supply Depot  
  21  2:02  Marine  
  22  2:15  SCV  
  23  2:25  Command Center  
  23  2:27  SCV  
  24  2:40  SCV  
  25  2:52  SCV  
  25  2:57  Orbital Command  
  26  3:04  SCV  
  26  3:05  Barracks Reactor  
  27  3:06  Factory  
  27  3:09  Barracks  
  27  3:12  Barracks  
  27  3:22  SCV  
  27  3:26  Refinery  
  28  3:27  SCV  
  29  3:34  SCV  
  29  3:36  Orbital Command  
  29  3:39  SCV  
  31  3:46  Supply Depot  
  30  3:54  Barracks Tech Lab  
  30  3:57  Supply Depot  
  30  3:58  Engineering Bay  
  30  4:00  Engineering Bay  
  30  4:01  SCV  
  30  4:02  SCV, Refinery  
  32  4:03  SCV, Refinery  
  33  4:11  Hellion  
  35  4:19  Marine x3  
  35  4:20  Hellion  
  33  4:40  Hellion  
  33  4:42  Hellion  
  36  4:46  SCV x3  
  36  4:48  Terran Infantry Weapons Level 1, Terran Infantry Armor Level 1  
  39  4:58  SCV  
  40  5:01  Barracks Reactor, Barracks Tech Lab  
  40  5:06  Barracks, Barracks Reactor  
  40  5:08  SCV x2  
  40  5:09  Barracks  
  40  5:12  Hellion x2  
  46  5:23  Orbital Command, Supply Depot  
  46  5:25  Supply Depot  
  46  5:26  Supply Depot  
  46  5:28  SCV x2  
  48  5:40  Hellion  
  48  5:41  Hellion, SCV x2  
  54  5:46  Armory  
  54  5:52  Stimpack  
  54  5:53  SCV  
  54  5:54  Starport  
  54  5:55  Marine x3  
  58  5:57  Barracks  
  58  5:58  Marine  
  58  5:59  Marine  
  60  6:09  SCV x2  
  62  6:20  SCV  
  62  6:21  SCV  
  62  6:28  Command Center  
  58  6:38  SCV  
  58  6:39  SCV x2  
  57  6:42  Marine x3  
  57  6:43  Marine  
  57  6:44  Marauder x2  
  57  6:45  Barracks Reactor  
  65  6:49  Starport Reactor  
  61  6:54  Barracks  
  61  6:57  Barracks  
  61  6:59  Marine x2  
  61  7:00  Marine  
  64  7:01  Marine x2  
  64  7:02  Marine  
  64  7:04  SCV  
  64  7:05  Terran Infantry Weapons Level 2, Marine x2  
  64  7:06  Factory Tech Lab  
  70  7:11  Terran Infantry Armor Level 2  
  70  7:12  Supply Depot  
  70  7:16  Marine  
  70  7:18  Marine  
  70  7:22  Marine x3  
  73  7:23  Marine  
  73  7:27  Siege Tank  
  79  7:34  SCV, Marine  
  79  7:38  Terran Vehicle Weapons Level 1  
  79  7:39  SCV, Supply Depot  
  80  7:46  SCV  
  81  7:54  SCV x2  
  81  7:55  Supply Depot  
  81  7:56  Planetary Fortress  
  81  7:58  Refinery  
  83  8:00  Marine x2  
  83  8:01  Marine x2, Refinery  
  87  8:06  Siege Tank  
  87  8:07  Marine x2  
  92  8:14  Marine x2  
  92  8:15  SCV x2  
  92  8:16  SCV  
  98  8:21  Marine x3  
  98  8:24  Barracks Reactor  
  98  8:25  Barracks Reactor  
  98  8:26  Combat Shield  
  100  8:27  SCV  
  100  8:28  Marine x3  
  100  8:32  Marine x2  
  100  8:33  SCV  
  107  8:35  SCV  
  107  8:37  SCV  
  107  8:40  SCV  
  110  8:42  Supply Depot  
  110  8:49  Marine x3  
  110  8:51  Marauder  
  110  8:52  Medivac x2  
  110  8:54  Marine x2  
  121  8:57  SCV  
  121  8:58  SCV  
  123  9:05  SCV, Supply Depot  
  123  9:06  Supply Depot, Marine x2  
  126  9:12  Marauder, Marine x2  
  131  9:17  SCV  
  131  9:20  Marine x3  
  131  9:22  Medivac x2  
  138  9:24  Marine x3  
  138  9:30  Terran Infantry Weapons Level 3  
  141  9:35  Marine  
  141  9:37  Marine  
  143  9:39  Marine  
  143  9:41  Marine  
  143  9:42  Terran Infantry Armor Level 3  
  145  9:52  Medivac  
  134  9:58  Marine  
  134  9:59  Marine x2  
  115  10:00  Widow Mine  
  115  10:06  Marine x4  
  115  10:07  Marine x4  
  115  10:09  Marine, Medivac  
  115  10:10  Marine x2  
  124  10:17  Factory  
  124  10:21  Siege Tank  
  126  10:28  Marine x5  
  113  10:29  Marauder x2, Marine x2  
  113  10:31  Medivac  
  108  10:45  Marine x4  
  106  10:50  Marine x3  
  106  10:51  Marauder  
  106  10:53  Siege Tank  
  106  10:54  Marine x4  
  104  11:02  Marine  
  104  11:03  Marine x3  
  103  11:11  Marine  
  103  11:12  Marine x3  
  103  11:13  Medivac, Marauder  
  103  11:14  Medivac  
  112  11:20  Marine x2  
  112  11:21  Marauder, Marine x2  
  112  11:25  Siege Tank  
  118  11:28  Marine x2  
  120  11:34  Marauder  
  120  11:42  Marauder  
  120  11:43  Medivac  
  120  11:46  Marine  
  120  11:47  Marine x2  
  125  11:50  SCV  
  125  11:52  Command Center  
  128  11:54  Supply Depot  
  128  11:57  Siege Tank  
  128  11:58  Supply Depot  
  128  11:59  Supply Depot  
  131  12:07  Marine  
  131  12:08  Marine x5  
  120  12:09  Marine, Marauder x2  
  120  12:10  Medivac  
  128  12:18  Marine x4  
  128  12:19  Marine  
  133  12:25  Marine  
  133  12:29  SCV x4  
  140  12:30  Marauder x2, Widow Mine  
  140  12:35  Marine x2  
  140  12:36  Marine x2  
  148  12:38  Marine x3  
  148  12:39  Marine  
  148  12:41  SCV x2  
  139  12:44  Marine x4  
  142  12:51  Widow Mine  
  142  12:52  Marauder x2  
  142  12:53  Marine x3  
  142  12:54  Marine  
  142  12:55  Marine  
  142  12:56  Marine  
  152  13:02  Marine x5  
  157  13:12  Widow Mine  
  158  13:13  Marauder x2  
  158  13:17  Marine x6  
  158  13:18  Marine  
  158  13:19  Marine  
  161  13:20  Marine x2  
  161  13:26  Marine  
  161  13:27  Marine  
  165  13:34  Marauder, Marine x2, Widow Mine  
  165  13:35  Marine x2, Marauder  
  165  13:39  Marine x6  
  179  14:01  Supply Depot  
Tags
 
Add a new tag
Caveats
  • Supply blocks, unpowered buildings, or Contaminate may cause inaccurate times.
  • Supply counts are checked every 10 seconds.